 Dungeon Crawl Stone Soup version 0.30-a0-374-g95c0257040 (webtiles) character file.

Game seed: 8154953011504135646

158 arthad the Gusty (level 5, 0/37 HPs)
             Began as a Gnoll Air Elementalist on Nov 26, 2022.
             Slain by Crazy Yiuf
             ... wielding a +3 quarterstaff of chaos
              (6 damage)
             ... on level 3 of the Dungeon.
             The game lasted 00:05:51 (3311 turns).

arthad the Gusty (Gnoll Air Elementalist)           Turns: 3311, Time: 00:05:52

Health: 0/37       AC:  4    Str:  7    XL:     5   Next: 39%
Magic:  7/12       EV: 13    Int: 16    God:
Gold:   131        SH:  0    Dex: 13    Spells: 5/14 levels left

rFire   . . .      SeeInvis .    k - +0 short sword (venom)
rCold   . . .      Faith    .    (no shield)
rNeg    . . .      Spirit   .    a - +0 robe
rPois   .          Reflect  .    (no helmet)
rElec   .          Harm     .    (no cloak)
rCorr   .          Rampage  .    c - +1 pair of gloves
Will    .....                    (no boots)
Stlth   +++.......               (no amulet)
HPRegen 0.26/turn                (no ring)
MPRegen 0.13/turn                (no ring)

@: invisible
A: fangs 1, strong nose, distributed training
a: no special abilities


You were on level 3 of the Dungeon.
You visited 1 branch of the dungeon, and saw 3 of its levels.

You collected 131 gold pieces.

Inventory:

Hand Weapons
 k - a +0 short sword of venom (weapon)
Missiles
 p - 8 poisoned darts
 q - 3 boomerangs
Armour
 a - a +0 robe (worn)
 c - a +1 pair of gloves (worn)
 e - a +0 pair of boots
 j - a +3 ring mail
Jewellery
 f - a ring of ice
Scrolls
 h - 6 scrolls of identify {unknown}
 i - a scroll of blinking {unknown}
 l - a scroll of amnesia {unknown}
 m - a scroll of enchant weapon {unknown}
 o - a scroll of fog {unknown}
Potions
 b - a potion of magic
 d - a potion of invisibility
 g - a potion of brilliance {unknown}
 n - a potion of haste {unknown}


   Skills:
 + Level 1.5 Fighting
 + Level 1.5 Short Blades
 + Level 1.5 Long Blades
 + Level 1.5 Axes
 + Level 1.5 Maces & Flails
 + Level 1.5 Polearms
 + Level 1.5 Staves
 + Level 1.5 Ranged Weapons
 + Level 1.5 Throwing
 + Level 1.5 Armour
 + Level 4.8 Dodging
 + Level 4.4 Stealth
 + Level 1.5 Shields
 + Level 1.5 Unarmed Combat
 + Level 5.2 Spellcasting
 + Level 2.4 Conjurations
 + Level 1.2 Hexes
 + Level 1.2 Summonings
 + Level 1.2 Necromancy
 + Level 1.2 Translocations
 + Level 1.2 Transmutations
 + Level 1.2 Fire Magic
 + Level 1.2 Ice Magic
 + Level 5.5 Air Magic
 + Level 1.2 Earth Magic
 + Level 1.2 Poison Magic
 + Level 1.7 Invocations
 + Level 1.5 Evocations


You had 5 spell levels left.
You knew the following spells:

 Your Spells              Type           Power      Damage    Failure   Level
a - Shock                 Conj/Air       68%        1d7       3%          1
b - Static Discharge      Conj/Air       34%        2-4/arc   4%          2
c - Swiftness             Air            22%        N/A       4%          3
d - Vhi's Electric Charg  Tloc/Air       30%        N/A       11%         3

Your spell library contained the following spells:

 Spells                   Type           Power      Damage    Failure   Level
 Summon Small Mammal      Summ           32%        N/A       9%          1
 Airstrike                Air            11%        2d(2-18)  16%         4
 Call Canine Familiar     Summ           8%         N/A       26%         3
 Summon Guardian Golem    Hex/Summ       8%         N/A       26%         3
 Arcjolt                  Conj/Air       8%         1d18      63%         5
 Lightning Bolt           Conj/Air       8%         1d21      63%         5
 Orb of Destruction       Conj           6%         9d6       100%        7
 Spellforged Servitor     Conj/Summ      5%         N/A       100%        7


Dungeon Overview and Level Annotations

Branches:
Dungeon (3/15)

Altars:
Nemelex Xobeh

Annotations:
D:3 Crazy Yiuf


Innate Abilities, Weirdness & Mutations

You have very sharp teeth.
Your uncanny sense of smell can sniff out nearby items.
Your experience applies equally to all skills.


Message History

You resist with some effort.
Crazy Yiuf hits you with a +3 quarterstaff of chaos!
* * * LOW HITPOINT WARNING * * *
It was a potion of invisibility.
You fade into invisibility!
Crazy Yiuf closely misses you.
Crazy Yiuf hits you with a +3 quarterstaff of chaos.
* * * LOW HITPOINT WARNING * * *
Crazy Yiuf closely misses you. Crazy Yiuf misses you. Crazy Yiuf misses you.
It was a potion of curing.
You feel better. Crazy Yiuf closely misses you.
Casting: Shock (safe; 3% risk of failure)
Confirm with . or Enter, or press ? or * to list all spells.
Aiming: Shock (safe; 3% risk of failure)
Press: ? - help, Shift-Dir - straight line, f - Crazy Yiuf
Aim: Crazy Yiuf, wielding a +3 quarterstaff of chaos and wearing a +0 cloak (heavily wounded, unable to see you, 75% to hit)
The zap hits Crazy Yiuf.
Crazy Yiuf is heavily wounded.
Crazy Yiuf misses you. Crazy Yiuf barely misses you.
Casting: Shock (safe; 3% risk of failure)
Confirm with . or Enter, or press ? or * to list all spells.
Aiming: Shock (safe; 3% risk of failure)
Press: ? - help, Shift-Dir - straight line, f/p - Crazy Yiuf
Aim: Crazy Yiuf, wielding a +3 quarterstaff of chaos and wearing a +0 cloak (heavily wounded, unable to see you, 75% to hit)
The zap hits Crazy Yiuf.
Crazy Yiuf is severely wounded.
Crazy Yiuf hits you with a +3 quarterstaff of chaos!
* * * LOW HITPOINT WARNING * * *
You are lethally poisoned!
Unknown command.
Unknown command.
You feel better.
You feel yourself speed up.
Crazy Yiuf hits you with a +3 quarterstaff of chaos!
* * * LOW HITPOINT WARNING * * *
You feel your power leaking away.
Crazy Yiuf says, "Hack rumpyflump pontify!"
Crazy Yiuf hits you with a +3 quarterstaff of chaos.
You die...

####♣♣ ###
###..#.♣♣ ♣♣#..)#
#.....g.♣♣♣♣.'...#
#.#..@.P.♣..♣#...#
#.##.#..♣.♣♣♣ ###
#.####♣♣♣♣♣ ###
#.# #.. #.# ###
### #÷#
#.########## #.#
#...)....... #.#
##..######### #.#
##.#.##...#...


You could see Crazy Yiuf (unable to see you).

Vanquished Creatures
  4 gnolls (D:3)
  4 adders
  A worm (D:2)
  3 dart slugs (D:1)
  An orc (D:3)
  4 endoplasms
  3 giant cockroaches
  9 goblins
  8 hobgoblins
  6 jackals (D:3)
  2 quokkas
  5 ball pythons
  5 bats
  8 frilled lizards
  6 kobolds
  6 rats
75 creatures vanquished.

Notes
Turn   | Place    | Note
-------+----------+-------------------------------------------
     0 | D:1      | arthad the Gnoll Air Elementalist began the quest for the
                  | Orb.
     0 | D:1      | Reached XP level 1. HP: 13/13 MP: 6/6
   220 | D:1      | Reached XP level 2. HP: 19/19 MP: 5/7
   716 | D:1      | Reached skill level 5 in Spellcasting
   716 | D:1      | Reached XP level 3. HP: 22/25 MP: 1/9
   800 | D:1      | Learned a level 2 spell: Static Discharge
   804 | D:1      | Learned a level 3 spell: Swiftness
   991 | D:1      | Learned a level 3 spell: Vhi's Electric Charge
  1041 | D:2      | Reached skill level 1 in Invocations
  1256 | D:2      | Reached skill level 1 in Fighting
  1256 | D:2      | Reached skill level 1 in Short Blades
  1256 | D:2      | Reached skill level 1 in Long Blades
  1256 | D:2      | Reached skill level 1 in Axes
  1256 | D:2      | Reached skill level 1 in Maces & Flails
  1256 | D:2      | Reached skill level 1 in Polearms
  1256 | D:2      | Reached skill level 1 in Staves
  1256 | D:2      | Reached skill level 1 in Ranged Weapons
  1256 | D:2      | Reached skill level 1 in Throwing
  1256 | D:2      | Reached skill level 1 in Armour
  1256 | D:2      | Reached skill level 1 in Shields
  1256 | D:2      | Reached skill level 1 in Unarmed Combat
  1256 | D:2      | Reached skill level 1 in Evocations
  1349 | D:2      | Reached XP level 4. HP: 32/32 MP: 7/11
  2150 | D:3      | Reached skill level 1 in Hexes
  2150 | D:3      | Reached skill level 1 in Summonings
  2150 | D:3      | Reached skill level 1 in Necromancy
  2150 | D:3      | Reached skill level 1 in Translocations
  2150 | D:3      | Reached skill level 1 in Transmutations
  2150 | D:3      | Reached skill level 1 in Fire Magic
  2150 | D:3      | Reached skill level 1 in Ice Magic
  2150 | D:3      | Reached skill level 1 in Earth Magic
  2150 | D:3      | Reached skill level 1 in Poison Magic
  2452 | D:3      | Reached XP level 5. HP: 35/37 MP: 3/12
  2979 | D:3      | Found a sparkling altar of Nemelex Xobeh.
  3159 | D:3      | Found a runed translucent door.
  3160 | D:3      | Noticed Crazy Yiuf
  3311 | D:3      | Slain by Crazy Yiuf

Illustrated notes

Levels and vault maps discovered:
D:1:      matt_arrival_spirals, layout_basic
D:2:      layout_loops_corners, minmay_small_reverse_x
D:3:      layout_loops_ring, marbit_many_paths, uniq_crazy_yiuf_cottage

Skill      XL: |  1  2  3  4 |
---------------+-------------+-----
Conjurations   | 2 |  2.4
Spellcasting   | 5 |  5.2
Invocations    | 1 |  1.7
Fighting       | 1 |  1.5
Short Blades   | 1 |  1.5
Long Blades    | 1 |  1.5
Axes           | 1 |  1.5
Maces & Flails | 1 |  1.5
Polearms       | 1 |  1.5
Staves         | 1 |  1.5
Ranged Weapons | 1 |  1.5
Throwing       | 1 |  1.5
Armour         | 1 |  1.5
Shields        | 1 |  1.5
Unarmed Combat | 1 |  1.5
Evocations     | 1 |  1.5
Hexes          | 1 |  1.2
Summonings     | 1 |  1.2
Necromancy     | 1 |  1.2
Translocations | 1 |  1.2
Transmutations | 1 |  1.2
Fire Magic     | 1 |  1.2
Ice Magic      | 1 |  1.2
Earth Magic    | 1 |  1.2
Poison Magic   | 1 |  1.2
Dodging        | |  4.8
Stealth        | |  4.4
Air Magic      | |  5.5

Action                   |  1- 3 |  4- 6 || total
-------------------------+-------+-------++-------
Melee: Unarmed           |     9 |       ||     9
       Bite              |     1 |       ||     1
       Short sword       |       |     6 ||     6
       Punch             |       |     1 ||     1
 Cast: Shock             |    62 |    84 ||   146
  Use: Potion            |       |     3 ||     3
Armor: Robe              |     5 |     1 ||     6
Dodge: Dodged            |    12 |    15 ||    27

Table legend: (Time is in decaauts)
 A = Elapsed time spent in this place.
 B = Non-inter-level travel time spent in this place.
 C = Inter-level travel time spent in this place.
 D = Time resting spent in this place.
 E = Time spent auto-exploring this place.
 F = Levels seen in this place.
 G = Mean time per level.
                   A        B        C        D        E       F      G
               +--------+--------+--------+--------+--------+-----+--------+
         Total |   3315 |   3251 |     64 |     69 |   2822 |   3 | 1105.0 |
       Dungeon |   3315 |   3251 |     64 |     69 |   2822 |   3 | 1105.0 |
               +--------+--------+--------+--------+--------+-----+--------+

Top non-repeatable levels by time:
     D:3: 1170 daAuts
     D:2: 1106 daAuts
     D:1: 1038 daAuts
